 Dungeon Crawl Stone Soup version 0.21.1-1-g345015fe64 (webtiles) character file.

1783 Mrkan the Geomancer (level 9, -1/41 HPs)
             Began as a Gargoyle Earth Elementalist on May 4, 2018.
             Was a Priest of Hepliaklqana.
             Shot with an arrow by a centaur (5 damage)
             ... on level 7 of the Dungeon.
             The game lasted 00:36:25 (6997 turns).

Mrkan the Geomancer (Gargoyle Earth Elementalist)   Turns: 6997, Time: 00:36:26

Health: -1/41      AC: 16    Str: 11    XL:     9   Next: 8%
Magic:  18/18      EV: 12    Int: 20    God:    Hepliaklqana [***...]
Gold:   260        SH:  0    Dex: 10    Spells: 9/20 levels left

rFire    . . .     SeeInvis .     - Unarmed
rCold    + . .     Gourm    .   (no shield)
rNeg     + . .     Faith    .   I - +2 robe {rC+}
rPois    ∞         Spirit   .   G - +2 helmet
rElec    +         Reflect  .   s - +0 cloak
rCorr    +         Harm     .   f - +0 pair of gloves
MR       .....                  i - +0 pair of boots
Stlth    ++........             (no amulet)
HPRegen  0.13/turn              w - ring of resist corrosion
MPRegen  0.16/turn              (no ring)

@: no status effects
A: reduced essence, negative energy resistance 1, electricity resistance,
unbreathing, petrification resistance, rot immunity, AC +6
a: Recall Ancestor, Ancestor Identity, Transference, Renounce Religion


You were on level 7 of the Dungeon.
You worshipped Hepliaklqana.
Hepliaklqana was most pleased with you.
You were not hungry.

You visited 2 branches of the dungeon, and saw 8 of its levels.

You collected 260 gold pieces.

Inventory:

Missiles
 b - 161 stones (quivered)
Armour
 c - a +0 robe
 f - a +0 pair of gloves (worn)
 i - a +0 pair of boots (worn)
 p - +0 swamp dragon scales
 s - a +0 cloak (worn)
 C - a +0 helmet
 G - a +2 helmet (worn)
 I - a +2 robe of cold resistance (worn)
Jewellery
 j - a cursed amulet of inaccuracy
 q - an uncursed ring of protection from fire {unknown}
 w - a ring of resist corrosion (left hand)
 E - an uncursed ring of protection from fire {unknown}
Wands
 g - a wand of digging (19)
 n - a wand of random effects (22)
 z - a wand of flame (13)
Scrolls
 h - 4 scrolls of remove curse
 k - 2 scrolls of identify
 l - 2 scrolls of fog
 m - a scroll of enchant weapon {unknown}
 t - a scroll of random uselessness {unknown}
 v - a scroll of noise {unknown}
 x - a scroll of enchant armour
 y - a scroll of teleportation {unknown}
 A - 2 scrolls of amnesia {unknown}
 B - a scroll of immolation {unknown}
 F - 2 scrolls of magic mapping {unknown}
 H - a scroll of fear
Potions
 a - a potion of brilliance
 o - 2 potions of might {unknown}
 r - 3 potions of ambrosia {unknown}
 u - 3 potions of heal wounds {unknown}
 D - a potion of magic {unknown}
 J - a potion of lignification {unknown}
 L - 2 potions of flight {unknown}
 M - a potion of degeneration {unknown}
Books
 e - a book of Geomancy

   Spells                             Type                      Level
   a - Sandblast                      Earth                        1
   b - Passwall                       Transmutation/Earth          2
   c - Stone Arrow                    Conjuration/Earth            3
   d - Petrify                        Transmutation/Earth          4
   e - Lee's Rapid Deconstruction     Earth                        5
Comestibles
 d - 10 rations


   Skills:
 + Level 0.9 Fighting
 - Level 1.7 Dodging
 - Level 3.0 Stealth
 - Level 4.6 Unarmed Combat
 + Level 6.3 Spellcasting
 + Level 3.6 Conjurations
 + Level 0.7 Transmutations
 * Level 8.8 Earth Magic


You had 9 spell levels left.
You knew the following spells:

 Your Spells              Type           Power        Failure   Level  Hunger
a - Sandblast             Erth           #####.       1%          1    None
b - Passwall              Tmut/Erth      ####......   2%          2    None
c - Stone Arrow           Conj/Erth      ####..       2%          3    ##.....
d - Lee's Rapid Deconstr  Erth           #####.....   8%          5    #####..


Dungeon Overview and Level Annotations

Branches:
Dungeon (7/15)             Temple (1/1) D:5

Altars:
Ashenzari
Cheibriados
Dithmenos
Elyvilon
Fedhas
Gozag
Hepliaklqana
Kikubaaqudgha
Makhleb
Nemelex Xobeh
Okawaru
Qazlal
Ru
Sif Muna
Uskayaw
Vehumet
Wu Jian
Xom
Zin


Innate Abilities, Weirdness & Mutations

You are resistant to torment.
Your stone body is resilient. (AC +6)
You are immune to poison.
You resist negative energy. (rN+)
You are resistant to electric shocks. (rElec)
You can survive without breathing.
You are immune to petrification.
You are immune to rotting.
Your life essence is reduced to manifest your ancestor. (-10% HP)


Message History

The centaur shouts!
The centaur wields a glowing shortbow.
It bursts into flame!
The centaur shoots an arrow.
The arrow hits you! The arrow burns you.
You see here an arrow.
Casting: Stone Arrow
Confirm with . or Enter, or press ? or * to list all spells.
You can't see any susceptible monsters within range! (Use Z to cast anyway.)
The centaur shoots an arrow.
The arrow hits you! The arrow burns you.
You see here an arrow.
The centaur shoots an arrow.
The arrow hits you!
* * * LOW HITPOINT WARNING * * *
The arrow burns you.
* * * LOW HITPOINT WARNING * * *
The centaur shoots an arrow.
The arrow hits you.
* * * LOW HITPOINT WARNING * * *
The arrow burns you.
* * * LOW HITPOINT WARNING * * *
You see here an arrow.
The centaur shoots an arrow.
The arrow hits you.
You die...

#######.....#. #.#
#...#.#.## #.#
##..<....###.#
#.#####.....### #.#
#.......)# ##.#
#..#####.# #..#
#........#
#..#####...#....
#<.@.......# ##(
#...#####..# #..R#
#.....
######.>.######.#.#.#
.......((s..........
...........s...#.####
...............#..
#####c....###.###.#
#.###.# #


You could see the friendly Hamal the knight, a centaur and a scorpion.

Vanquished Creatures
  Pikel (D:6)
  Edmund (D:6)
  Duvessa (D:6)
  A slave (D:6)
  A phantom (D:4)
  A centaur (D:5)
  A howler monkey (D:5)
  2 crimson imps
  3 orc priests
  A bullfrog skeleton (D:5)
  An orc wizard (D:5)
  A worker ant (D:4)
  A hound skeleton (D:4)
  Robin (D:4)
  2 adders (D:3)
  An ooze (D:1)
  An adder skeleton (D:3)
  4 worms
  A dart slug (D:1)
  4 leopard geckos
  12 orcs
  2 giant cockroaches (D:3)
  5 goblins
  7 hobgoblins
  5 jackals
  2 quokkas
  A ball python (D:1)
  2 bats
  3 frilled lizards
  8 kobolds
  2 leopard gecko skeletons (D:4)
  3 rats
82 creatures vanquished.

Vanquished Creatures (collateral kills)
  An ice beast (D:6)
  A bullfrog (D:6)
  Dowan (D:6)
  A bullfrog zombie (D:5)
  A centaur skeleton (D:6)
  2 hounds (D:5)
  2 orc priests (D:3)
  An orc wizard (D:6)
  A worker ant (D:5)
  An adder (D:5)
  An ooze (D:2)
  4 worms
  20 orcs
  A giant cockroach (D:5)
  7 goblins
  5 hobgoblins
  6 jackals
  2 quokkas
  A frilled lizard (D:2)
  A kobold (D:3)
  2 quokka skeletons (D:4)
  3 rats
65 creatures vanquished.

Vanquished Creatures (others)
  2 ancestors (D:4)
  5 toadstools (D:1)
7 creatures vanquished.

Grand Total: 154 creatures vanquished

Notes
Turn   | Place    | Note
-------+----------+-------------------------------------------
     0 | D:1      | Mrkan the Gargoyle Earth Elementalist began the quest for the Orb.
     0 | D:1      | Reached XP level 1. HP: 10/10 MP: 3/3
   416 | D:1      | Reached skill level 4 in Earth Magic
   416 | D:1      | Reached XP level 2. HP: 8/15 MP: 3/5
   797 | D:1      | Learned a level 2 spell: Passwall
  1333 | D:2      | Reached XP level 3. HP: 19/19 MP: 3/6
  1359 | D:2      | Found a hazy altar of Hepliaklqana.
  1368 | D:2      | Became a worshipper of Hepliaklqana the Forgotten
  1701 | D:2      | Reached * piety under Hepliaklqana
  1924 | D:2      | Found a snail-covered altar of Cheibriados.
  2167 | D:2      | Reached skill level 1 in Unarmed Combat
  2325 | D:3      | Reached XP level 4. HP: 21/21 MP: 6/8
  2540 | D:3      | Found a glowing silver altar of Zin.
  2563 | D:3      | Reached skill level 5 in Earth Magic
  2563 | D:3      | Reached XP level 5. HP: 17/25 MP: 9/9
  2670 | D:3      | Found a shimmering altar of Xom.
  3100 | D:3      | Learned a level 3 spell: Stone Arrow
  3500 | D:4      | Found a burning altar of Makhleb.
  3500 | D:4      | Found a radiant altar of Vehumet.
  3679 | D:4      | Reached XP level 6. HP: 26/28 MP: 9/11
  3884 | D:4      | Noticed a phantom
  3936 | D:4      | Killed a phantom
  3947 | D:4      | Found a sparkling altar of Nemelex Xobeh.
  3976 | D:4      | Noticed Robin
  3995 | D:4      | Killed Robin
  4323 | D:4      | Found a sparkling altar of Nemelex Xobeh.
  4372 | D:4      | Reached ** piety under Hepliaklqana
  4375 | D:4      | Remembered your ancestor Hamal as a knight
  4599 | D:5      | Entered Level 5 of the Dungeon
  4674 | D:5      | Reached skill level 6 in Earth Magic
  4674 | D:5      | Reached XP level 7. HP: 22/33 MP: 9/13
  4820 | D:5      | Found a staircase to the Ecumenical Temple.
  4906 | D:5      | Learned a level 5 spell: Lee's Rapid Deconstruction
  4980 | D:5      | Reached skill level 1 in Conjurations
  5180 | Temple   | Entered the Ecumenical Temple
  5354 | D:5      | Found an ornate altar of the Wu Jian Council.
  5357 | D:5      | Found a blossoming altar of Fedhas.
  5370 | D:5      | Found a deep blue altar of Sif Muna.
  5771 | D:6      | Noticed Duvessa
  5774 | D:6      | Noticed Dowan
  5778 | D:6      | Killed Duvessa
  5778 | D:6      | Reached skill level 7 in Earth Magic
  5807 | D:6      | Killed Dowan
  5807 | D:6      | Reached XP level 8. HP: 37/37 MP: 4/15
  5834 | D:6      | Noticed Edmund
  5864 | D:6      | Killed Edmund
  5864 | D:6      | Reached skill level 5 in Spellcasting
  6336 | D:6      | Noticed Pikel
  6360 | D:6      | Killed Pikel
  6360 | D:6      | Reached skill level 8 in Earth Magic
  6360 | D:6      | Reached XP level 9. HP: 21/41 MP: 9/18
  6985 | D:7      | Reached *** piety under Hepliaklqana
  6997 | D:7      | Shot with an arrow by a centaur

Skill      XL: |  1  2  3  4  5  6  7  8 |
---------------+-------------------------+-----
Earth Magic    | 4 5 6 7 8 |  8.8
Unarmed Combat | 1 2 3 4 |  4.6
Spellcasting   | 3 4 6 |  6.3
Stealth        | 3 |  3.0
Conjurations   | 2 3 |  3.6
Fighting       | |  0.9
Dodging        | |  1.7
Transmutations | |  0.7

Action                   |  1- 3 |  4- 6 |  7- 9 || total
-------------------------+-------+-------+-------++-------
Melee: Unarmed           |    63 |    97 |    41 ||   201
       Punch             |       |     1 |       ||     1
 Cast: Sandblast         |    31 |    22 |    13 ||    66
       Stone Arrow       |       |    11 |    39 ||    50
Invok: Ancestor Identity |     3 |     1 |       ||     4
       Ancestor Life: Kn |       |     1 |       ||     1
  Use: Scroll            |       |     5 |     3 ||     8
       Potion            |       |     1 |       ||     1
 Stab: Distracted        |       |       |     1 ||     1
  Eat: Ration            |     2 |     1 |       ||     3
       Chunk             |       |     3 |     9 ||    12
Armor: Robe              |    19 |    15 |    33 ||    67
       Swamp dragon scal |       |    22 |     4 ||    26
Dodge: Dodged            |    53 |    70 |    46 ||   169
